 Dungeon Sprint DCSS version 0.14-a0-30-gf0b6e91 (console) character file.

1615 Dalvant the Arsonist (level 8, -10/44 HPs)
             Began as a Deep Elf Fire Elementalist on Sept 27, 2013.
             Mangled by a deep troll (19 damage)
             ... in the Dungeon (Sprint I: "Red Sonja").
             The game lasted 00:03:27 (626 turns).

Dalvant the Arsonist (Deep Elf Fire Elementalist)    Turns: 626, Time: 00:03:28

HP -10/44        AC  2     Str  5      XL: 8   Next: 15%
MP   8/27        EV 13     Int 23      God:
Gold 470         SH  0     Dex 15      Spells:  3 memorised, 16 levels left

Res.Fire  : . . .   See Invis. : .   (no weapon)
Res.Cold  : . . .   Warding    : .   a - +0 elf robe
Life Prot.: . . .   Conserve   : .   (no shield)
Res.Poison: .       Res.Corr.  : .   (no helmet)
Res.Elec. : .       Clarity    : .   (no cloak)
Sust.Abil.: . .     Spirit.Shd : .   (no gloves)
Res.Mut.  : .       Prev.Telep.: +   (no boots)
Res.Rott. : .       Flight     : .   (no amulet)
Saprovore : . . .                    (no ring)
                                     (no ring)

@: somewhat resistant to hostile enchantments, fairly stealthy
A: no striking features
a: no special abilities


You were in the Dungeon.
You were hungry.

You visited 1 branch You collected 513 gold pieces.
You spent 63 gold pieces at shops.

Inventory:

Armour
 a - a +0 elven robe (worn)
Comestibles
 c - a bread ration
Scrolls
 h - a scroll of identify {unknown}
 i - a scroll of blinking
Potions
 d - 3 potions of curing
 e - a potion of heal wounds
 f - a potion of speed
 g - 2 potions of magic
 j - a potion of brilliance
Books
 b - a book of Flames

   Spells                             Type                      Level
   *Flame Tongue                      Conjuration/Fire             1
   Throw Flame                        Conjuration/Fire             2
   Conjure Flame                      Conjuration/Fire             3
   Inner Flame                        Hexes/Fire                   3
   *Sticky Flame                      Conjuration/Fire             4
   *Fireball                          Conjuration/Fire             5


   Skills:
 - Level 4.1 Fighting
 - Level 2.4 Dodging
 - Level 2.4 Stealth
 + Level 9.7 Spellcasting
 * Level 9.9 Conjurations
 - Level 13.7 Fire Magic


You had 16 spell levels left.
You knew the following spells:

 Your Spells              Type           Power        Failure   Level  Hunger
a - Flame Tongue          Conj/Fire      #####        1%          1    None
c - Sticky Flame          Conj/Fire      ######..     1%          4    ##.....
v - Fireball              Conj/Fire      ######....   1%          5    ####...


Dungeon Overview and Level Annotations

Branches:
Dungeon (1/1)

Altars:
Ashenzari
Cheibriados
Elyvilon
Fedhas
Kikubaaqudgha
Makhleb
Okawaru
Trog
Vehumet
Yredelemnul

Shops:
D =!


Message History

The deep troll is heavily wounded.
The deep troll is covered in liquid flames!
The deep troll burns!
The deep troll bites you! The deep troll claws you! The deep troll claws you.
* * * LOW HITPOINT WARNING * * *
The deep troll burns!
The deep troll burns!
The deep troll burns!
There is an open door here.
The deep troll burns!
The deep troll stops burning.
Found Madan's Jewellery Boutique.
Casting: Sticky Flame
Confirm with . or Enter, or press ? or * to list all spells.
Aiming: Sticky Flame
Press: ? - help, Shift-Dir - straight line, f/p - deep troll
Aim: a deep troll (severely wounded)
The sticky flame hits the deep troll.
The deep troll is almost dead.
The deep troll is covered in liquid flames!
The deep troll burns!
The deep troll bites you!
You die...

##########################
#<<#..)%.#.)'..#__#..'..)#
#<.)..#..'..#..'..'..#...#
#..#####'#####'#__####)..+
#..####..#...#.#### #####
#..#_.####..##.#
#..#.....##'#..+
#⌠⌠#_.∩..)'..._#
####.....##_.#'#
#_._._###'#[#
###########.####+###
∩.......@T...'$$.$$+
##++++####...####### ##.##
#+#


You could see a deep troll (burning).

Vanquished Creatures
  A giant amoeba (D)
  Sonja (D)
  An elephant slug (D)
  2 kobold demonologists (D)
  An ogre (D)
  Sigmund (D)
  A jelly (D)
  Ijyb (D)
  A giant eyeball (D)
10 creatures vanquished.

Vanquished Creatures (others)
  A metal gargoyle (D)
1 creature vanquished.

Grand Total: 11 creatures vanquished

Notes
Turn   | Place    | Note
--------------------------------------------------------------
     0 | D        | Dalvant, the Deep Elf Fire Elementalist, began the quest for the Orb.
     0 | D        | Reached XP level 1. HP: 10/10 MP: 4/4
     1 | D        | Noticed Ijyb
     9 | D        | Killed Ijyb
     9 | D        | Reached skill level 6 in Fire Magic
     9 | D        | Reached XP level 2. HP: 8/15 MP: 0/7
   175 | D        | Noticed an ogre
   180 | D        | Killed an ogre
   180 | D        | Reached skill level 9 in Fire Magic
   180 | D        | Reached XP level 3. HP: 19/19 MP: 2/10
   180 | D        | Reached XP level 4. HP: 24/24 MP: 2/13
   186 | D        | Learned a level 4 spell: Sticky Flame
   249 | D        | Killed a metal gargoyle
   273 | D        | Noticed Sigmund
   278 | D        | Killed Sigmund
   278 | D        | Reached skill level 5 in Conjurations
   278 | D        | Reached skill level 10 in Fire Magic
   278 | D        | Reached XP level 5. HP: 28/28 MP: 8/17
   287 | D        | Learned a level 5 spell: Fireball
   346 | D        | Found a basalt altar of Yredelemnul.
   346 | D        | Found a bloodstained altar of Trog.
   346 | D        | Found a radiant altar of Vehumet.
   346 | D        | Found an ancient bone altar of Kikubaaqudgha.
   346 | D        | Noticed a giant amoeba
   358 | D        | Killed a giant amoeba
   358 | D        | Reached skill level 13 in Fire Magic
   358 | D        | Reached XP level 6. HP: 25/32 MP: 12/21
   358 | D        | Reached XP level 7. HP: 28/36 MP: 13/23
   382 | D        | Noticed a kobold demonologist
   383 | D        | Killed a kobold demonologist
   383 | D        | Killed a kobold demonologist
   438 | D        | Found a white marble altar of Elyvilon.
   439 | D        | Noticed a jelly
   440 | D        | Found a shattered altar of Ashenzari.
   448 | D        | Killed a jelly
   449 | D        | Paralysed by a potion of paralysis for 2 turns
   491 | D        | Found a burning altar of Makhleb.
   491 | D        | Found a snail-covered altar of Cheibriados.
   491 | D        | Found Vuekhoiv's Distillery.
   491 | D        | Found a blossoming altar of Fedhas.
   491 | D        | Found an iron altar of Okawaru.
   491 | D        | Noticed an elephant slug
   511 | D        | Killed an elephant slug
   521 | D        | Found a radiant altar of Vehumet.
   525 | D        | Bought a potion of curing for 28 gold pieces
   525 | D        | Bought a potion of brilliance for 35 gold pieces
   590 | D        | Noticed Sonja
   594 | D        | Killed Sonja
   594 | D        | Reached XP level 8. HP: 34/44 MP: 19/27
   618 | D        | Noticed a deep troll
   625 | D        | Found Madan's Jewellery Boutique.
   626 | D        | Mangled by a deep troll

Action                   |  1- 3 |  4- 6 |  7- 9 || total
-------------------------+-------+-------+-------++-------
Melee: Unarmed           |     3 |       |       ||     3
 Cast: Flame Tongue      |     8 |     5 |    18 ||    31
       Sticky Flame      |       |     2 |     4 ||     6
       Fireball          |       |       |     3 ||     3
  Use: Potion            |     1 |       |     2 ||     3
